 Dungeon Crawl Stone Soup version 0.21-a0-538-gd16b88a (webtiles) character file.

460 slep the Chopper (level 7, -5/55 HPs)
             Began as a Formicid Monk on Dec 17, 2017.
             Was a Believer of Okawaru.
             Slain by an orc warrior
             ... wielding a +0 trident
              (14 damage)
             ... on level 5 of the Dungeon.
             The game lasted 00:13:58 (4311 turns).

slep the Chopper (Formicid Monk)                    Turns: 4311, Time: 00:13:58

Health: -5/55      AC: 12    Str: 15    XL:     7   Next: 28%
Magic:  7/7        EV:  8    Int: 14    God:    Okawaru [**....]
Gold:   72         SH:  0    Dex: 15    Spells: 6/6 levels left

rFire    + . .     SeeInvis +   a - +0 hand axe
rCold    x . .     Gourm    .   (no shield)
rNeg     . . .     Faith    .   A - +4 chain mail of the Shoals {+Blink Int+4}
rPois    .         Spirit   .   (helmet unavailable)
rElec    .         Reflect  .   (no cloak)
rCorr    .         Harm     .   (no gloves)
MR       .....                  (no boots)
Stlth    ..........             (no amulet)
HPRegen  0.18/turn              r - ring of teleportation (curse)
MPRegen  0.10/turn              G - ring of fire

@: flying
A: permanent stasis, dig shafts and tunnels, four strong arms, antennae 3
a: Dig, Shaft Self, Heroism, Renounce Religion


You were on level 5 of the Dungeon.
You worshipped Okawaru.
Okawaru was pleased with you.
You were not hungry.

You visited 2 branches of the dungeon, and saw 7 of its levels.

You collected 366 gold pieces.
You spent 294 gold pieces at shops.

Inventory:

Hand Weapons
 a - a +0 hand axe (weapon)
Missiles
 d - 4 curare-tipped needles
 q - 99 sling bullets
Armour
 b - a +0 robe
 A - the +4 chain mail of the Shoals (worn) {+Blink Int+4}
   (You bought it in a shop on level 4 of the Dungeon)

   It affects your intelligence (+4).
   It lets you blink.
Jewellery
 r - a cursed ring of teleportation (left hand)
 G - a ring of fire (right hand)
Wands
 E - a wand of enslavement (10)
Scrolls
 e - 3 scrolls of remove curse {unknown}
 f - 4 scrolls of magic mapping
 h - 2 scrolls of fog {unknown}
 l - a scroll of blinking {unknown}
 m - 8 scrolls of identify {unknown}
 n - 3 scrolls of immolation {unknown}
 s - a scroll of enchant weapon {unknown}
 t - 3 scrolls of enchant armour {unknown}
 u - 4 scrolls of amnesia {unknown}
 x - 2 scrolls of teleportation {unknown}
 y - a scroll of noise {unknown}
 C - a scroll of fear {unknown}
Potions
 i - 2 potions of invisibility {unknown}
 j - 3 potions of curing {unknown}
 k - 3 potions of heal wounds {unknown}
 v - a potion of ambrosia {unknown}
 w - 2 potions of mutation {unknown}
 z - 2 potions of degeneration {unknown}
 B - a potion of agility {unknown}
 D - a potion of berserk rage {unknown}
Comestibles
 c - 5 bread rations
 o - 3 fruits
 p - 4 royal jellies
 F - 2 meat rations
 H - a chunk of flesh


   Skills:
 + Level 4.4 Fighting
 + Level 5.5 Axes
 + Level 2.0 Armour
 + Level 4.0 Dodging
 + Level 4.0 Stealth


You had 6 spell levels left.
You didn't know any spells.

Dungeon Overview and Level Annotations

Branches:
Dungeon (6/15)             Temple (1/1) D:5

Altars:
Ashenzari
Cheibriados
Dithmenos
Elyvilon
Fedhas
Gozag
Hepliaklqana
Kikubaaqudgha
Makhleb
Nemelex Xobeh
Okawaru
Qazlal
Ru
Trog
Uskayaw
Vehumet
Wu Jian
Xom
Yredelemnul
Zin
The Shining One

Shops:
D:4 }**(   D:5 ?


Innate Abilities, Weirdness & Mutations

You cannot be hasted, slowed, berserked, paralysed or teleported.
You can dig through walls and to a lower floor.
Your four strong arms can wield two-handed weapons with a shield.
You have a pair of large antennae on your head. (SInv)


Message History

You completely miss the orc. The leopard gecko closely misses you.
The orc warrior hits you from afar with a trident.
* * * LOW HITPOINT WARNING * * *
The orc hits you but does no damage. The leopard gecko barely misses you.
You closely miss the leopard gecko.
The leopard gecko is almost dead.
The leopard gecko closely misses you.
The leopard gecko bites you but does no damage.
You barely miss the leopard gecko.
The leopard gecko is almost dead.
The leopard gecko closely misses you.
The leopard gecko bites you but does no damage.
You hit the leopard gecko.
You kill the leopard gecko!
Okawaru accepts your kill.
It was a potion of flight.
You feel very buoyant.
You fly up into the air.
The orc warrior hits you from afar with a trident!
You die...

.....#......................#...#
.....#.....###)###..........#...#
.....#.....#.....#..........#...#
.....#.....#.....###'##.....###'#
.....#.....#..........#.....#...#
.....#.....#..........#.....#...#
.....#.....#..........#.....#...#
.....#.....#....o##...#.....#...#
.....#.....#....@##...#.....#...#
######.....#.....##...#.....#...#
...........#.....o....#.....#...#
...........#..........#.....#...#
...........#..........#.....#...#
...........#..........#.....#...#
...........#.....##...#.....#...#
######.....#.....##...#.....#...#
#.....#.....######.....#...#


You could see an orc warrior and an orc.

Vanquished Creatures
  A phantom (D:5)
  A scorpion (D:4)
  A crimson imp (D:5)
  2 hounds
  2 orc priests
  A bullfrog skeleton (D:4)
  A worker ant (D:4)
  5 adders
  2 adder skeletons (D:4)
  2 worms
  A dart slug (D:1)
  3 leopard geckos
  5 orcs
  10 bats
  5 giant cockroaches
  5 goblins
  3 hobgoblins
  A jackal (D:2)
  6 frilled lizards
  4 kobolds
  3 rats
64 creatures vanquished.

Notes
Turn   | Place    | Note
-------+----------+-------------------------------------------
     0 | D:1      | slep the Formicid Monk began the quest for the Orb.
     0 | D:1      | Reached XP level 1. HP: 18/18 MP: 1/1
   169 | D:1      | Reached XP level 2. HP: 18/24 MP: 2/2
   363 | D:1      | Reached XP level 3. HP: 26/29 MP: 3/3
  1080 | D:2      | Reached XP level 4. HP: 24/37 MP: 4/4
  2243 | D:4      | Found Qenuddeo's Assorted Antiques.
  2253 | D:4      | Bought a scroll labeled EVODOET HAGER for 16 gold pieces
  2253 | D:4      | Bought a scroll labeled ZELLIBULUC for 16 gold pieces
  2253 | D:4      | Bought a scroll labeled CIBEANWEIDA for 16 gold pieces
  2253 | D:4      | Bought a sapphire potion for 14 gold pieces
  2253 | D:4      | Bought a purple potion for 14 gold pieces
  2253 | D:4      | Bought a steaming chain mail for 152 gold pieces
  2263 | D:4      | Identified the +4 chain mail of the Shoals {+Blink Int+4} (You bought it in a shop on level 4 of the Dungeon)
  2301 | D:4      | Found Giej's Weapon Shoppe.
  2319 | D:4      | Reached skill level 4 in Axes
  2319 | D:4      | Reached XP level 5. HP: 42/42 MP: 5/5
  2479 | D:4      | Found Touhy's Assorted Antiques.
  2499 | D:4      | Bought a scroll labeled YRRIKY MOUSS for 31 gold pieces
  2531 | D:4      | Found Ofarye Numo's Gadget Emporium.
  2705 | D:4      | Reached XP level 6. HP: 22/48 MP: 6/6
  2788 | D:4      | Reached skill level 1 in Armour
  3082 | D:5      | Entered Level 5 of the Dungeon
  3132 | D:5      | Reached skill level 5 in Axes
  3387 | D:5      | Noticed a phantom
  3452 | D:5      | HP: 1/48 [phantom (3)]
  3459 | D:5      | Killed a phantom
  3459 | D:5      | Reached XP level 7. HP: 2/55 MP: 7/7
  3769 | D:5      | Found Kidasude's Magic Scroll Shoppe.
  3777 | D:5      | Bought a scroll of magic mapping for 35 gold pieces
  3968 | D:5      | Found a staircase to the Ecumenical Temple.
  3974 | Temple   | Entered the Ecumenical Temple
  4000 | Temple   | Became a worshipper of Warmaster Okawaru
  4000 | Temple   | Reached * piety under Okawaru
  4000 | Temple   | Reached ** piety under Okawaru
  4311 | D:5      | Slain by an orc warrior

Vault maps used:
D:1:      minmay_arrival_stone_box, serial_bayou_ford_a, hangedman_decor_push,
          dk_noncrumbling_4
D:2:      minmay_diamond_boxcup, first_bread, corexii_leaking_fountain
D:4:      serial_shops, shop_coins, shop, shop, shop, minmay_door_square
D:5:      minmay_temple_entry_enclosed_plants, serial_shops, nicolae_shop_stone
D:6:      serial_shops, shop, grunt_ministairs_8
Temple:   grunt_wide_crystal_templ

Skill      XL: |  1  2  3  4  5  6 |
---------------+-------------------+-----
Dodging        | 3 4 |  4.0
Stealth        | 3 4 |  4.0
Fighting       | 4 |  4.4
Axes           | 4 5 |  5.5
Armour         | 2 |  2.0

Action                   |  1- 3 |  4- 6 |  7- 9 || total
-------------------------+-------+-------+-------++-------
Melee: Hand axe          |    83 |   255 |    29 ||   367
  Use: Potion            |       |       |     1 ||     1
 Stab: Sleeping          |     7 |     3 |       ||    10
  Eat: Chunk             |       |     8 |     3 ||    11
Armor: Robe              |    12 |    15 |       ||    27
       Chain mail        |       |    99 |    25 ||   124
Dodge: Dodged            |    59 |   117 |    27 ||   203

Table legend:
 A = Spawn XP
 B = Non-spawn XP
 C = Spawn XP percentage of total XP
 D = Spawn monster count
 E = Non-spawn monster count
 F = Spawn count percentage of total count
 G = Total turns spent on level
                    A         B        C        D         E        F      G
               +---------+---------+-------+---------+---------+-------+---------
         Total |       0 |     658 |   0.0 |       0 |      64 |   0.0 |  4311
               +---------+---------+-------+---------+---------+-------+---------
           D:1 |       0 |      31 |   0.0 |       0 |      18 |   0.0 |   647
           D:2 |       0 |      70 |   0.0 |       0 |      18 |   0.0 |   880
           D:3 |       0 |      19 |   0.0 |       0 |       5 |   0.0 |   630
           D:4 |       0 |     253 |   0.0 |       0 |      14 |   0.0 |   925
           D:5 |       0 |     285 |   0.0 |       0 |       9 |   0.0 |  1139
               +---------+---------+-------+---------+---------+-------+---------
